 Dungeon Crawl Stone Soup version 0.30-a0-585-g93115170b9 (webtiles) character file.

Game seed: 3720742130188378953

202 cforsyth the Ruffian (level 5, 0/47 HPs)
             Began as a Ghoul Monk on Jan 3, 2023.
             Slain by an orc
             ... wielding a +0 morningstar
              (4 damage)
             ... on level 4 of the Dungeon.
             The game lasted 00:04:25 (2366 turns).

cforsyth the Ruffian (Ghoul Monk)                   Turns: 2366, Time: 00:04:25

Health: 0/47       AC:  6    Str: 17    XL:     5   Next: 80%
Magic:  4/4        EV: 10    Int:  5    God:
Gold:   152        SH:  0    Dex: 11    Spells: 4/4 levels left

rFire   . . .      SeeInvis .    j - +7 dagger of Context {elec, rN+ Will+}
rCold   + . .      Faith    .    (no shield)
rNeg    + + +      Spirit   .    p - +0 scale mail
rPois   ∞          Reflect  .    (no helmet)
rElec   .          Harm     .    (no cloak)
rCorr   .          Rampage  .    (no gloves)
Will    +....                    (no boots) Stlth
                                 (no amulet)
HPRegen 0.00/turn                (no ring)
MPRegen 0.09/turn                (no ring)

@: inhibited regen
A: claws 1, cold resistance 1, negative energy resistance 3, inhibited
regeneration, torment resistance 2, devour on kill
a: no special abilities


You were on level 4 of the Dungeon.
You visited 1 branch of the dungeon, and saw 4 of its levels.

You collected 152 gold pieces.

Inventory:

Hand Weapons
 j - the +7 dagger of Context (weapon) {elec, rN+ Will+}
   (You found it on level 2 of the Dungeon)

   It occasionally discharges a powerful burst of electricity upon striking a
   foe.
   rN:        It protects you from negative energy.
   Will:      It increases your willpower.
Armour
 p - a +0 scale mail (worn)
Jewellery
 a - an amulet of the acrobat
Scrolls
 c - 3 scrolls of noise {unknown}
 d - a scroll of fog {unknown}
 e - a scroll of torment {unknown}
 f - a scroll of poison {unknown}
 g - a scroll of silence {unknown}
 i - 4 scrolls of identify {unknown}
 k - a scroll of amnesia {unknown}
 l - 2 scrolls of teleportation {unknown}
 m - a scroll of fear {unknown}
Potions
 b - 2 potions of ambrosia
 h - 2 potions of might {unknown}
 n - a potion of cancellation {unknown}
 o - a potion of attraction {unknown}
 q - a potion of flight {unknown}


   Skills:
 + Level 4.9 Fighting
 + Level 1.5 Armour
 - Level 2.6 Dodging
 - Level 2.1 Stealth
 * Level 5.4 Unarmed Combat


You had 4 spell levels left.
You didn't know any spells.
Your spell library contained the following spells:

 Spells                   Type           Power      Damage    Failure   Level
 Ensorcelled Hibernation  Hex/Ice        0%         N/A       95%         2
 Anguish                  Hex/Necr       0%         N/A       100%        4
 Spider Form              Tmut/Pois      Unusable   N/A       N/A         3

Dungeon Overview and Level Annotations

Branches:
Dungeon (4/15)
 Temple: D:4-7

Altars:
Uskayaw


Innate Abilities, Weirdness & Mutations

You are immune to poison.
You have sharp fingernails.
Your flesh is cold resistant. (rC+)
You are immune to negative energy. (rN+++)
You do not regenerate when monsters are visible.
You are immune to unholy pain and torment.
You thrive by killing the living.


Message History

The orc shouts!
The orc wizard shouts!
The orc priest closely misses you.
You closely miss the orc priest. Your claw misses the orc priest.
You puncture the orc wizard!
The orc wizard is heavily wounded.
The orc wizard casts a spell at you. The magic dart hits you!
You hit the orc wizard. Your claw misses the orc wizard.
The orc wizard is almost dead.
The orc priest hits you with a +0 dagger.
The orc hits you but does no damage.
The orc wizard gestures at you while chanting.
The puff of flame hits you!
You puncture the orc wizard!
You kill the orc wizard!
You feel better. The orc hits you with a +0 morningstar!
The orc priest closely misses you.
You are too injured to fight recklessly!
You are too injured to fight recklessly!
You are too injured to fight recklessly!
You are too injured to fight recklessly!
You are too injured to fight recklessly!
You are too injured to fight recklessly!
You are too injured to fight recklessly!
You are too injured to fight recklessly!
You are too injured to fight recklessly!
You hit the orc priest.
The orc priest is lightly wounded.
The orc barely misses you.
The orc priest miscasts a cantrip.
You hit the orc priest.
The orc priest is heavily wounded.
The orc hits you with a +0 morningstar.
The orc priest mumbles some strange prayers to Beogh against you.
Beogh smites you!
* * * LOW HITPOINT WARNING * * *
You barely miss the orc priest.
The orc priest is heavily wounded.
The orc hits you with a +0 morningstar.
You die...

.PPPPPP.PP#......# .#
.P.P.....P#......## #
.PPP.PPP.P.P#........
.....P...P...........
PP.PPPPP.P.P.........
..P...P.P.....?... PP
P.PPP.P.........
.....P.P.........
P.PPP.PPP.@?...... ..
.....P)oo#..... P
PPPPPP...#.....
....... ....
.............
............###
.##...###...# #...
....


You could see an orc priest and an orc.

Vanquished Creatures
  A phantom (D:4)
  A hound (D:4)
  An orc wizard (D:4)
  2 adders
  A worm (D:4)
  3 dart slugs
  An orc (D:3)
  3 bats
  6 endoplasms
  2 giant cockroaches (D:1)
  4 goblins
  2 hobgoblins
  3 jackals (D:2)
  4 kobolds
  A quokka (D:2)
  2 ball pythons
  2 frilled lizards
  4 rats
  A bush (D:4)
44 creatures vanquished.

Notes
Turn   | Place    | Note
-------+----------+-------------------------------------------
     0 | D:1      | cforsyth the Ghoul Monk began the quest for the Orb.
     0 | D:1      | Reached XP level 1. HP: 19/19 MP: 0/0
   293 | D:1      | Reached XP level 2. HP: 25/26 MP: 1/1
   574 | D:2      | Reached XP level 3. HP: 31/33 MP: 2/2
   579 | D:2      | Identified the +7 dagger of Context {elec, rN+ Will+}
   588 | D:2      | Reached skill level 4 in Unarmed Combat
  1460 | D:3      | Found a hide-covered altar of Uskayaw.
  2097 | D:4      | Reached XP level 4. HP: 27/41 MP: 3/3
  2253 | D:4      | Noticed a phantom
  2263 | D:4      | Killed a phantom
  2264 | D:4      | Reached skill level 1 in Armour
  2264 | D:4      | Reached skill level 5 in Unarmed Combat
  2264 | D:4      | Reached XP level 5. HP: 40/47 MP: 4/4
  2366 | D:4      | Slain by an orc

Illustrated notes

Levels and vault maps discovered:
D:1:      scummos_arrival_simple_crosswalls, layout_basic,
          wad_floor_pattern_untrapped
D:2:      layout_basic
D:3:      wander_river, layout_loops_ring,
          nicolae_uskayaw_murder_on_the_dancefloor
D:4:      layout_basic, grunt_decor_fettered, minmay_hedge_maze

Skill      XL: |  1  2  3  4 |
---------------+-------------+-----
Fighting       | 4 |  4.9
Unarmed Combat | 4 5 |  5.4
Armour         | 1 |  1.5
Dodging        | |  2.6
Stealth        | |  2.1

Action                   |  1- 3 |  4- 6 || total
-------------------------+-------+-------++-------
Melee: Unarmed           |    45 |       ||    45
       Dagger            |    47 |    68 ||   115
       Punch             |     2 |     4 ||     6
 Stab: Sleeping          |     4 |       ||     4
Armor: Robe              |     9 |       ||     9
       Scale mail        |     7 |    14 ||    21
Dodge: Dodged            |    51 |    13 ||    64

Table legend: (Time is in decaauts)
 A = Elapsed time spent in this place.
 B = Non-inter-level travel time spent in this place.
 C = Inter-level travel time spent in this place.
 D = Time resting spent in this place.
 E = Time spent auto-exploring this place.
 F = Levels seen in this place.
 G = Mean time per level.
                   A        B        C        D        E       F      G
               +--------+--------+--------+--------+--------+-----+--------+
         Total |   2383 |   2309 |     74 |    137 |   1811 |   4 |  595.8 |
       Dungeon |   2383 |   2309 |     74 |    137 |   1811 |   4 |  595.8 |
               +--------+--------+--------+--------+--------+-----+--------+

Top non-repeatable levels by time:
     D:2: 884 daAuts
     D:3: 699 daAuts
     D:1: 514 daAuts
     D:4: 284 daAuts
